 Dungeon Crawl Stone Soup version 0.29.1-2-gbd0b4ee654 (webtiles) character file.

Game seed: 5615556430245440099

94 Hadkhar the Shield-Bearer (level 4, -3/37 HPs)
             Began as a Formicid Fighter on Nov 13, 2022.
             Succumbed to Terence's poison
             ... on level 2 of the Dungeon.
             The game lasted 00:10:31 (1828 turns).

Hadkhar the Shield-Bearer (Formicid Fighter)        Turns: 1828, Time: 00:10:32

Health: -3/37      AC:  8    Str: 23    XL:     4   Next: 94%
Magic:  4/4        EV:  9    Int:  7    God:
Gold:   73         SH:  5    Dex: 13    Spells: 3/3 levels left

rFire   . . .      SeeInvis +   a - +0 war axe
rCold   . . .      Faith    .   c - +0 buckler
rNeg    . . .      Spirit   .   b - +0 scale mail
rPois   .          Reflect  .   (helmet unavailable)
rElec   .          Harm     .   l - scarf {+Inv}
rCorr   .          Rampage  .   h - +0 pair of gloves
Will    +....                   (no boots)
Stlth   ..........              (no amulet)
HPRegen 0.12/turn               k - ring of willpower
MPRegen 0.09/turn               (no ring)

@: mighty, lethally poisoned (-3 -> -27)
A: permanent stasis, dig shafts and tunnels, antennae 3, four strong arms
a: Dig, Shaft Self, Evoke Invisibility


You were on level 2 of the Dungeon.
You visited 1 branch of the dungeon, and saw 2 of its levels.

You collected 73 gold pieces.

Inventory:

Hand Weapons
 a - a +0 war axe (weapon)
Armour
 b - a +0 scale mail (worn)
 c - a +0 buckler (worn)
 h - a +0 pair of gloves (worn)
 l - a scarf of invisibility (worn)
Jewellery
 k - a ring of willpower (left hand)
Scrolls
 f - 2 scrolls of fog {unknown}
 g - 2 scrolls of fear {unknown}
 i - a scroll of blinking {unknown}
Potions
 e - a potion of heal wounds {unknown}
 j - a potion of brilliance {unknown}
 m - a potion of flight {unknown}


   Skills:
 + Level 4.0 Fighting
 + Level 2.9 Axes
 + Level 4.0 Armour
 + Level 4.8 Shields


You had 3 spell levels left.
You didn't know any spells.
Your spell library was empty.

Dungeon Overview and Level Annotations

Branches:
Dungeon (2/15)

Altars:

Annotations:
D:2 Terence


Innate Abilities, Weirdness & Mutations

You cannot be hasted, slowed, berserked, paralysed or teleported.
You can dig through walls and to a lower floor.
You have a pair of large antennae on your head. (SInv)
Your four strong arms can wield two-handed weapons with a shield.


Message History

Terence the Incautious comes into view.
He is wielding a +1 hand axe of venom.
Terence shouts!
Terence moves out of view.
Found a short sword.
You see here a coppery potion.
Found a stone staircase leading down.
You see here a coppery potion.
m - a coppery potion
Press: ? - help, v - describe, . - travel
Here: Terence, wielding a +1 hand axe of venom and wearing a +0 scale mail The floor.
Unknown command.
Unknown command.
You hit Terence but do no damage. Terence closely misses you.
You barely miss Terence.
Terence hits you with a +1 hand axe of venom.
You are poisoned.
Terence hits you but does no damage.
You barely miss Terence.
You feel very sick. You block Terence's attack.
You closely miss Terence.
You feel sick. Terence closely misses you.
You barely miss Terence.
You feel sick.
Terence hits you with a +1 hand axe of venom!
You are lethally poisoned!
You block Terence's attack.
You feel very mighty all of a sudden.
You feel very sick.
Terence hits you with a +1 hand axe of venom.
* * * LOW HITPOINT WARNING * * *
You are more poisoned.
You slash Terence!
Terence is almost dead.
* * * LOW HITPOINT WARNING * * *
You feel extremely sick. Terence hits you but does no damage.
You are more poisoned.
You closely miss Terence.
Terence is almost dead.
You die...

######### .......
#....# ## #....#
##..### #...†#####
>...... +...)'...#
####...######[†..###.#
#......@@..##....# #.#
#........#..#....# #.#
#........##......#
#.####
#).......###.#####
#..... #........#
#.#### #.....
#........# #.)..#
#.....
##################
####.## #.####
..........# #..###.#
..........# ##...#.#


You could see Terence.

Vanquished Creatures
  3 adders (D:2)
  A gnoll (D:1)
  A worm (D:2)
  A dart slug (D:1)
  An endoplasm (D:1)
  3 giant cockroaches
  3 goblins
  3 hobgoblins (D:1)
  8 jackals
  5 quokkas
  3 ball pythons (D:1)
  2 bats (D:1)
  A frilled lizard (D:2)
  8 kobolds
  7 rats
50 creatures vanquished.

Notes
Turn   | Place    | Note
-------+----------+-------------------------------------------
     0 | D:1      | Hadkhar the Formicid Fighter began the quest for the Orb.
     0 | D:1      | Reached XP level 1. HP: 18/18 MP: 1/1
   253 | D:1      | Reached XP level 2. HP: 24/24 MP: 2/2
   595 | D:1      | Found a faded altar of an unknown god.
   757 | D:1      | Reached XP level 3. HP: 29/29 MP: 3/3
  1122 | D:2      | Reached XP level 4. HP: 30/37 MP: 4/4
  1816 | D:2      | Noticed Terence
  1828 | D:2      | Succumbed to Terence's poison

Illustrated notes

Levels and vault maps discovered:
D:1:      dpeg_arrival_shrine, layout_basic, ebering_ecumenical_altar_abandoned,
          minivault_25
D:2:      layout_basic, uniq_terence, uniq_sigmund

Skill      XL: |  1  2  3  4 |
---------------+-------------+-----
Fighting       | 4 |  4.0
Armour         | 4 |  4.0
Axes           | |  2.9
Shields        | |  4.8

Action                   |  1- 3 |  4- 6 || total
-------------------------+-------+-------++-------
Melee: War axe           |    71 |    54 ||   125
  Use: Potion            |       |     1 ||     1
Armor: Scale mail        |    39 |    27 ||    66
Dodge: Dodged            |    30 |    27 ||    57
Block: Buckler           |    11 |    19 ||    30
